cohdb
Replays
Latest Replays
All Replays
Popular Replays
Top Player Replays
Match Explorer
How It Works
Community
CoH3 Stats
Reddit
Sign in to upload your games and track your stats! →
Sign in with Steam
Match 20734982
Unlisted
Match 20734982
Overview
Messages
Build Orders
End
Royal Engineer Section
Selects Indian Artillery Battlegroup
Construct Section Command Post
Dingo Light Scout Car
Infantry Section
Vickers Machine Gun Team
Infantry Section
Infantry Section
Construct Platoon Command Post
Construct Company Command Post
Selects Valour
Selects Gurkha Rifles Section
Foot Guards Section
Matilda II Heavy Tank
Selects Volunteer Infantry
Crusader II Medium Tank
Selects Towed ML 4.2-inch Heavy Mortar
Construct Field Infirmary
Foot Guards Section
Miguel
这游戏太难了
87390382
자동 포탑 센트리
DirtyDan
SHEFF
0
0
Comments
sign in to comment!
No comments posted yet!